TOP OF THE 1ST |
Great Falls Voyagers batting - Pitching for Orem Owlz : RHP Kap-yong Cho
|
Pitching: RHP Kap-yong Cho
|
|
Batting: RHB C.J. Chandler
|
0-0: Called Strike 0-1: Foul Ball, location: 2F 0-2: Strikes out swinging
|
Batting: RHB Bobby Trosclair
|
0-0: Fly out, F7 (Line Drive, 7, EV 91.3 MPH)
|
Batting: RHB David Torres
|
0-0: Called Strike 0-1: Hit by Pitch
|
Batting: LHB Luis Flores
|
0-0: Foul Ball, location: 2F 0-1: Ground out 1-3 (Groundball, 34S, EV 73.1 MPH)
|
Top of the 1st over - 0 runs, 0 hits, 0 errors, 1 left on base; Great Falls 0 - Orem 0 |
BOTTOM OF THE 1ST |
Orem Owlz batting - Pitching for Great Falls Voyagers : RHP Tim Washington
|
Pitching: RHP Tim Washington
|
|
Batting: RHB Carlos Martinez
|
0-0: Ball 1-0: Foul Ball, location: 2F 1-1: Ball 2-1: Called Strike 2-2: Ground out 4-3 (Groundball, 4, EV 86.9 MPH)
|
Batting: SHB Jesse Snyder
|
0-0: Called Strike 0-1: Ball 1-1: Foul Ball, location: 2F 1-2: Foul Ball, location: 2F 1-2: Ground out U3 (Groundball, 3L, EV 84.4 MPH)
|
Batting: SHB Greg Prime
|
0-0: Called Strike 0-1: Ball 1-1: SINGLE (Line Drive, 8RS, EV 104.4 MPH)
|
Batting: LHB Matt Acevedo
|
0-0: Swinging Strike 0-1: Ball 1-1: Foul Ball, location: 2F 1-2: Fly out, F8 (Flyball, 78D, EV 96.9 MPH)
|
Bottom of the 1st over - 0 runs, 1 hit, 0 errors, 1 left on base; Great Falls 0 - Orem 0 |
TOP OF THE 2ND |
Great Falls Voyagers batting - Pitching for Orem Owlz : RHP Kap-yong Cho
|
Batting: SHB Eduardo Monzon
|
0-0: Called Strike 0-1: Ball 1-1: Foul Ball, location: 2F 1-2: Ball 2-2: Ball 3-2: Base on Balls
|
Batting: LHB Adrian Cruz
|
0-0: Ball 1-0: Ball 2-0: Called Strike 2-1: Ball 3-1: Base on Balls Eduardo Monzon to second
|
Batting: RHB Brian Harris
|
0-0: Ball 1-0: Ball 2-0: Called Strike 2-1: Foul Ball, location: 2F 2-2: Strikes out looking
|
Batting: RHB Orlando Blanco
|
0-0: Swinging Strike 0-1: Foul Ball, location: 2F 0-2: Ball 1-2: Strikes out swinging
|
Batting: RHB Brian Marut
|
0-0: Ground out 4-3 (Groundball, 4, EV 101.9 MPH)
|
Top of the 2nd over - 0 runs, 0 hits, 0 errors, 2 left on base; Great Falls 0 - Orem 0 |
BOTTOM OF THE 2ND |
Orem Owlz batting - Pitching for Great Falls Voyagers : RHP Tim Washington
|
Batting: RHB Antonio Torres
|
0-0: Called Strike 0-1: Swinging Strike 0-2: Strikes out swinging
|
Batting: LHB Mike Martinez
|
0-0: Called Strike 0-1: Fly out, F9 (Flyball, 9, EV 95.0 MPH)
|
Batting: RHB Matt Trevizo
|
0-0: Ball 1-0: Called Strike 1-1: Ball 2-1: Fly out, F3 (Line Drive, 3, EV 67.5 MPH)
|
Bottom of the 2nd over - 0 runs, 0 hits, 0 errors, 0 left on base; Great Falls 0 - Orem 0 |
TOP OF THE 3RD |
Great Falls Voyagers batting - Pitching for Orem Owlz : RHP Kap-yong Cho
|
Batting: RHB C.J. Chandler
|
0-0: Ball 1-0: Called Strike 1-1: Ball 2-1: Ball 3-1: Called Strike 3-2: Base on Balls
|
Batting: RHB Bobby Trosclair
|
0-0: Called Strike 0-1: Reached on error, E6 (Groundball, 6, EV 83.1 MPH) C.J. Chandler to second
|
Batting: RHB David Torres
|
0-0: Ball Wild Pitch! C.J. Chandler to third Bobby Trosclair to second 1-0: Foul Ball, location: 2F 1-1: Foul Ball, location: 2F 1-2: Ball 2-2: Ball 3-2: Foul Ball, location: 2F 3-2: Strikes out swinging
|
Batting: LHB Luis Flores
|
0-0: Foul Ball, location: 2F 0-1: Ball 1-1: Ground out 5-3 (Groundball, 5, EV 80.0 MPH)
|
Batting: SHB Eduardo Monzon
|
0-0: Called Strike 0-1: Called Strike 0-2: Strikes out looking
|
Top of the 3rd over - 0 runs, 0 hits, 1 error, 2 left on base; Great Falls 0 - Orem 0 |
BOTTOM OF THE 3RD |
Orem Owlz batting - Pitching for Great Falls Voyagers : RHP Tim Washington
|
Batting: RHB Eric Moore
|
0-0: Called Strike 0-1: Ground out 6-3 (Groundball, 56, EV 101.3 MPH)
|
Batting: RHB Jeremy Allen
|
0-0: Ball 1-0: Foul Ball, location: 2F 1-1: Ball 2-1: Ground out 6-3 (Groundball, 6M, EV 89.4 MPH)
|
Batting: RHB Carlos Martinez
|
0-0: Ground out 4-3 (Groundball, 4, EV 83.8 MPH)
|
Bottom of the 3rd over - 0 runs, 0 hits, 0 errors, 0 left on base; Great Falls 0 - Orem 0 |
TOP OF THE 4TH |
Great Falls Voyagers batting - Pitching for Orem Owlz : RHP Kap-yong Cho
|
Batting: LHB Adrian Cruz
|
0-0: Called Strike 0-1: Ball 1-1: Foul Ball, location: 2F 1-2: Foul Ball, location: 2F 1-2: Strikes out swinging
|
Batting: RHB Brian Harris
|
0-0: Swinging Strike 0-1: Ground out 6-3 (Groundball, 6, EV 85.6 MPH)
|
Batting: RHB Orlando Blanco
|
0-0: Called Strike 0-1: Ball 1-1: Ball 2-1: Called Strike 2-2: Ball 3-2: Ground out 1-3 (Groundball, 34S, EV 72.5 MPH)
|
Top of the 4th over - 0 runs, 0 hits, 0 errors, 0 left on base; Great Falls 0 - Orem 0 |
BOTTOM OF THE 4TH |
Orem Owlz batting - Pitching for Great Falls Voyagers : RHP Tim Washington
|
Batting: SHB Jesse Snyder
|
0-0: Called Strike 0-1: Ground out 4-3 (Groundball, 4M, EV 89.4 MPH)
|
Batting: SHB Greg Prime
|
0-0: Ground out 6-3 (Groundball, 4M, EV 83.8 MPH)
|
Batting: LHB Matt Acevedo
|
0-0: SINGLE (Line Drive, 6D, EV 105.6 MPH)
|
Batting: RHB Antonio Torres
|
0-0: Ball 1-0: Called Strike 1-1: Ball 2-1: Ball 3-1: Ground out 4-3 (Groundball, 4, EV 101.3 MPH)
|
Bottom of the 4th over - 0 runs, 1 hit, 0 errors, 1 left on base; Great Falls 0 - Orem 0 |
TOP OF THE 5TH |
Great Falls Voyagers batting - Pitching for Orem Owlz : RHP Kap-yong Cho
|
Batting: RHB Brian Marut
|
0-0: Called Strike 0-1: Called Strike 0-2: Ball 1-2: Ball 2-2: Strikes out swinging
|
Batting: RHB C.J. Chandler
|
0-0: Called Strike 0-1: Swinging Strike 0-2: Strikes out swinging
|
Batting: RHB Bobby Trosclair
|
0-0: Ball 1-0: Ball 2-0: Ball 3-0: Called Strike 3-1: Foul Ball, location: 2F 3-2: Ground out 6-3 (Groundball, 6MS, EV 88.8 MPH)
|
Top of the 5th over - 0 runs, 0 hits, 0 errors, 0 left on base; Great Falls 0 - Orem 0 |
BOTTOM OF THE 5TH |
Orem Owlz batting - Pitching for Great Falls Voyagers : RHP Tim Washington
|
Batting: LHB Mike Martinez
|
0-0: Called Strike 0-1: Foul Ball, location: 2F 0-2: Strikes out swinging
|
Batting: RHB Matt Trevizo
|
0-0: Called Strike 0-1: Ball 1-1: Called Strike 1-2: Ball 2-2: SINGLE (Groundball, 6, EV 103.1 MPH) (infield hit)
|
Batting: RHB Eric Moore
|
0-0: Ball 1-0: Ball 2-0: Swinging Strike 2-1: Called Strike 2-2: Foul Ball, location: 2F 2-2: Strikes out swinging
|
Batting: RHB Jeremy Allen
|
0-0: Ball 1-0: Ball 2-0: Ball 3-0: Called Strike 3-1: Called Strike 3-2: Foul Ball, location: 2F 3-2: Fly out, F8 (Line Drive, 8LD, EV 95.6 MPH)
|
Bottom of the 5th over - 0 runs, 1 hit, 0 errors, 1 left on base; Great Falls 0 - Orem 0 |
TOP OF THE 6TH |
Great Falls Voyagers batting - Pitching for Orem Owlz : RHP Kap-yong Cho
|
Batting: RHB David Torres
|
0-0: Ball 1-0: Swinging Strike 1-1: Foul Ball, location: 2F 1-2: Ball 2-2: Ball 3-2: Strikes out swinging
|
Pitching: LHP Noah Tucker
|
|
Batting: LHB Luis Flores
|
0-0: Called Strike 0-1: Ball 1-1: Foul Ball, location: 2F 1-2: Strikes out swinging
|
Batting: SHB Eduardo Monzon
|
0-0: Ball 1-0: Ball 2-0: Ground out U3 (Groundball, 34, EV 90.6 MPH)
|
Top of the 6th over - 0 runs, 0 hits, 0 errors, 0 left on base; Great Falls 0 - Orem 0 |
BOTTOM OF THE 6TH |
Orem Owlz batting - Pitching for Great Falls Voyagers : RHP Tim Washington
|
Batting: RHB Carlos Martinez
|
0-0: Ball 1-0: Ball 2-0: Ground out 4-3 (Groundball, 4M, EV 85.0 MPH)
|
Batting: SHB Jesse Snyder
|
0-0: Swinging Strike 0-1: Foul Ball, location: 2F 0-2: Ball 1-2: Ball 2-2: Foul Ball, location: 2F 2-2: Foul Ball, location: 2F 2-2: Fly out, F7 (Flyball, 7, EV 94.4 MPH)
|
Batting: SHB Greg Prime
|
0-0: Ball 1-0: Foul Ball, location: 2F 1-1: Called Strike 1-2: Ball 2-2: Ball 3-2: Foul Ball, location: 2F 3-2: SINGLE (Line Drive, 5, EV 68.8 MPH) (infield hit)
|
Batting: LHB Matt Acevedo
|
0-0: Ball 1-0: Swinging Strike 1-1: Swinging Strike 1-2: Foul Ball, location: 2F 1-2: Foul Ball, location: 2F 1-2: Ball 2-2: Foul Ball, location: 2F 2-2: Ball 3-2: Fly out, F8 (Flyball, 78M, EV 87.5 MPH)
|
Bottom of the 6th over - 0 runs, 1 hit, 0 errors, 1 left on base; Great Falls 0 - Orem 0 |
TOP OF THE 7TH |
Great Falls Voyagers batting - Pitching for Orem Owlz : LHP Noah Tucker
|
Batting: LHB Adrian Cruz
|
0-0: Foul Ball, location: 2F 0-1: Ball 1-1: Foul Ball, location: 2F 1-2: Foul Ball, location: 2F 1-2: Strikes out swinging
|
Batting: RHB Brian Harris
|
0-0: Ball 1-0: Ball 2-0: Ground out 3-1 (Groundball, 34, EV 88.8 MPH)
|
Batting: RHB Orlando Blanco
|
0-0: Ball 1-0: Ground out 4-3 (Groundball, 4, EV 82.5 MPH)
|
Top of the 7th over - 0 runs, 0 hits, 0 errors, 0 left on base; Great Falls 0 - Orem 0 |
BOTTOM OF THE 7TH |
Orem Owlz batting - Pitching for Great Falls Voyagers : RHP Tim Washington
|
Batting: RHB Antonio Torres
|
0-0: Foul Ball, location: 2F 0-1: Fly out, F6 (Popup, 6MD, EV 45.0 MPH)
|
Batting: LHB Mike Martinez
|
0-0: Ground out 3-1 (Groundball, 34, EV 77.5 MPH)
|
Batting: RHB Matt Trevizo
|
0-0: Ball 1-0: Ball 2-0: Called Strike 2-1: Swinging Strike 2-2: Ball 3-2: Ground out 6-3 (Groundball, 6, EV 101.9 MPH)
|
Bottom of the 7th over - 0 runs, 0 hits, 0 errors, 0 left on base; Great Falls 0 - Orem 0 |
TOP OF THE 8TH |
Great Falls Voyagers batting - Pitching for Orem Owlz : LHP Noah Tucker
|
Batting: RHB Brian Marut
|
0-0: Ball 1-0: Swinging Strike 1-1: Foul Ball, location: 2F 1-2: Ball 2-2: Foul Ball, location: 2F 2-2: Foul Ball, location: 2F 2-2: Foul Ball, location: 2F 2-2: Strikes out swinging
|
Batting: RHB C.J. Chandler
|
0-0: Ball 1-0: Swinging Strike 1-1: Swinging Strike 1-2: Ball 2-2: Foul Ball, location: 2F 2-2: Foul Ball, location: 2F 2-2: Ball 3-2: Foul Ball, location: 2F 3-2: Foul Ball, location: 2F 3-2: Strikes out swinging
|
Batting: RHB Bobby Trosclair
|
0-0: Called Strike 0-1: Swinging Strike 0-2: Foul Ball, location: 2F 0-2: Ball 1-2: Ball 2-2: Foul Ball, location: 2F 2-2: Strikes out swinging
|
Top of the 8th over - 0 runs, 0 hits, 0 errors, 0 left on base; Great Falls 0 - Orem 0 |
BOTTOM OF THE 8TH |
Orem Owlz batting - Pitching for Great Falls Voyagers : RHP Tim Washington
|
Pitching: RHP Tom Phipps
|
|
Batting: RHB Eric Moore
|
0-0: Ball 1-0: Ball 2-0: Ball 3-0: Called Strike 3-1: SINGLE (Groundball, 6MD, EV 99.4 MPH)
|
Batting: RHB Jeremy Allen
|
0-0: Bunt missed! 0-1: Sac Bunt to 2L - play at first, batter OUT! 2-4 Eric Moore to second
|
Batting: RHB Carlos Martinez
|
0-0: Intentional Walk
|
Batting: SHB Jesse Snyder
|
0-0: Foul Ball, location: 2F 0-1: Ball 1-1: Swinging Strike 1-2: Strikes out swinging
|
Batting: SHB Greg Prime
|
0-0: Ball 1-0: Called Strike 1-1: Fly out, F7 (Flyball, 7LMF, EV 108.1 MPH)
|
Bottom of the 8th over - 0 runs, 1 hit, 0 errors, 2 left on base; Great Falls 0 - Orem 0 |
TOP OF THE 9TH |
Great Falls Voyagers batting - Pitching for Orem Owlz : LHP Noah Tucker
|
Pitching: RHP Francisco Pagan
|
|
Batting: RHB David Torres
|
0-0: Called Strike 0-1: Ball 1-1: Ball 2-1: Fly out, F9 (Flyball, 89S, EV 83.1 MPH)
|
Batting: LHB Luis Flores
|
0-0: Ball 1-0: Ball 2-0: Ball 3-0: Called Strike 3-1: Ground out 3-1 (Groundball, 34, EV 76.3 MPH)
|
Batting: SHB Eduardo Monzon
|
0-0: Called Strike 0-1: Swinging Strike 0-2: Ball 1-2: SINGLE (Line Drive, 8LS, EV 98.8 MPH)
|
Batting: LHB Adrian Cruz
|
0-0: Called Strike 0-1: Ball 1-1: Ball 2-1: Ground out 4-3 (Groundball, 4, EV 106.3 MPH)
|
Top of the 9th over - 0 runs, 1 hit, 0 errors, 1 left on base; Great Falls 0 - Orem 0 |
BOTTOM OF THE 9TH |
Orem Owlz batting - Pitching for Great Falls Voyagers : RHP Tom Phipps
|
Pitching: RHP Edwin Velazquez
|
|
Batting: LHB Matt Acevedo
|
0-0: Called Strike 0-1: Ball 1-1: SINGLE (Groundball, 6MD, EV 98.8 MPH)
|
Batting: RHB Antonio Torres
|
0-0: Called Strike Matt Acevedo steals 2nd, throwing error, E2 Matt Acevedo to third 0-1: Ground out 5-3 (Groundball, 5, EV 93.8 MPH)
|
Batting: LHB Mike Martinez
|
0-0: Called Strike 0-1: Swinging Strike 0-2: Hit by Pitch
|
Pinch Hitting: LHB Cameron Savage
|
0-0: Swinging Strike 0-1: Called Strike 0-2: Foul Ball, location: 2F 0-2: Strikes out looking
|
Batting: RHB Eric Moore
|
0-0: Called Strike 0-1: Called Strike 0-2: Foul Ball, location: 2F 0-2: Fly out, F8 (Flyball, 8RM, EV 86.9 MPH)
|
Bottom of the 9th over - 0 runs, 1 hit, 1 error, 2 left on base; Great Falls 0 - Orem 0 |
TOP OF THE 10TH |
Great Falls Voyagers batting - Pitching for Orem Owlz : RHP Francisco Pagan
|
Now in CF: Domingo Contreras
|
|
Batting: RHB Brian Harris
|
0-0: Ball 1-0: Foul Ball, location: 2F 1-1: Ball 2-1: Swinging Strike 2-2: Strikes out swinging, 2-3 out at first.
|
Batting: RHB Orlando Blanco
|
0-0: Ball 1-0: Foul Ball, location: 2F 1-1: Ball 2-1: Foul Ball, location: 2F 2-2: Ball 3-2: Strikes out looking
|
Batting: RHB Brian Marut
|
0-0: SINGLE (Line Drive, 9S, EV 85.6 MPH)
|
Batting: RHB C.J. Chandler
|
0-0: Ball 1-0: Ground out 1-3 (Groundball, P, EV 85.0 MPH)
|
Top of the 10th over - 0 runs, 1 hit, 0 errors, 1 left on base; Great Falls 0 - Orem 0 |
BOTTOM OF THE 10TH |
Orem Owlz batting - Pitching for Great Falls Voyagers : RHP Edwin Velazquez
|
Pitching: RHP Elias Rojas
|
|
Pinch Hitting: RHB Valentyn Inverno
|
0-0: Called Strike 0-1: Swinging Strike 0-2: Ball 1-2: Strikes out swinging
|
Batting: RHB Carlos Martinez
|
0-0: Ball 1-0: Foul Ball, location: 2F 1-1: Ball 2-1: Fly out, F9 (Flyball, 89M, EV 95.0 MPH)
|
Batting: SHB Jesse Snyder
|
0-0: Ball 1-0: Ball 2-0: Ground out 1-3 (Groundball, 13S, EV 71.9 MPH)
|
Bottom of the 10th over - 0 runs, 0 hits, 0 errors, 0 left on base; Great Falls 0 - Orem 0 |
TOP OF THE 11TH |
Great Falls Voyagers batting - Pitching for Orem Owlz : RHP Francisco Pagan
|
Pitching: RHP Alberto Gonzales
|
|
Now at SS: Justin Brown
|
|
Pinch Hitting: LHB Eric Perry
|
0-0: Swinging Strike 0-1: Ground out 4-3 (Groundball, 4, EV 77.5 MPH)
|
Batting: RHB David Torres
|
0-0: Called Strike 0-1: Ball 1-1: Ball 2-1: Fly out, F3 (Line Drive, 3, EV 65.6 MPH)
|
Batting: LHB Luis Flores
|
0-0: Called Strike 0-1: Called Strike 0-2: Ball 1-2: Strikes out looking
|
Top of the 11th over - 0 runs, 0 hits, 0 errors, 0 left on base; Great Falls 0 - Orem 0 |
BOTTOM OF THE 11TH |
Orem Owlz batting - Pitching for Great Falls Voyagers : RHP Elias Rojas
|
Now in LF: Tim Russell
|
|
Batting: SHB Greg Prime
|
0-0: Called Strike 0-1: Foul Ball, location: 2F 0-2: Strikes out looking
|
Batting: LHB Matt Acevedo
|
0-0: Hit by Pitch
|
Batting: RHB Antonio Torres
|
0-0: Called Strike 0-1: Ball 1-1: Called Strike 1-2: SINGLE (Line Drive, 9S, EV 113.1 MPH) Matt Acevedo to second
|
Batting: LHB Mike Martinez
|
0-0: Ball 1-0: Foul Ball, location: 2F 1-1: Foul Ball, location: 2F 1-2: Strikes out swinging
|
Batting: RHB Domingo Contreras
|
0-0: Called Strike 0-1: Ball 1-1: Called Strike 1-2: Ball 2-2: SINGLE (Groundball, 56D, EV 97.5 MPH) Matt Acevedo to third Antonio Torres to second Runner from 3rd tries for Home, throw by LF and OUT! 7-2
|
Bottom of the 11th over - 0 runs, 2 hits, 0 errors, 2 left on base; Great Falls 0 - Orem 0 |
TOP OF THE 12TH |
Great Falls Voyagers batting - Pitching for Orem Owlz : RHP Alberto Gonzales
|
Batting: SHB Eduardo Monzon
|
0-0: Called Strike 0-1: Called Strike 0-2: Strikes out looking
|
Batting: LHB Adrian Cruz
|
0-0: Called Strike 0-1: Ball 1-1: Ball 2-1: Called Strike 2-2: Ball 3-2: Ground out U3 (Groundball, 3, EV 100.6 MPH)
|
Batting: RHB Brian Harris
|
0-0: Called Strike 0-1: Foul Ball, location: 2F 0-2: Ball 1-2: TRIPLE (Flyball, 9LD, EV 107.5 MPH)
|
Batting: RHB Orlando Blanco
|
0-0: Intentional Walk
|
Batting: RHB Brian Marut
|
0-0: Ball 1-0: Swinging Strike 1-1: Ball 2-1: Ball 3-1: Foul Ball, location: 2F 3-2: Foul Ball, location: 2F 3-2: Strikes out looking
|
Top of the 12th over - 0 runs, 1 hit, 0 errors, 2 left on base; Great Falls 0 - Orem 0 |
BOTTOM OF THE 12TH |
Orem Owlz batting - Pitching for Great Falls Voyagers : RHP Elias Rojas
|
Batting: RHB Eric Moore
|
0-0: Ball 1-0: Ball 2-0: Called Strike 2-1: Ball 3-1: Foul Ball, location: 2F 3-2: Base on Balls
|
Batting: RHB Justin Brown
|
0-0: Bunted foul 0-1: Sac Bunt to 15 - play at first, batter OUT! 1-4 Eric Moore to second
|
Batting: RHB Carlos Martinez
|
0-0: Intentional Walk
|
Batting: SHB Jesse Snyder
|
0-0: Foul Ball, location: 2F 0-1: Called Strike 0-2: Ball 1-2: Ball 2-2: Foul Ball, location: 2F 2-2: SINGLE (Flyball, 7S, EV 85.6 MPH) Eric Moore to third Carlos Martinez to second
|
Batting: SHB Greg Prime
|
0-0: Ball 1-0: Fly out, F8 (Line Drive, 8RD, EV 88.1 MPH) Runner from 3rd tags up, SCORES, throw by CF
|
|
Game Over ... Orem defeats Great Falls, 1 to 0
|
|
 |
Sunday, July 16th , 2023 - OOTP Baseball 24.6 Build 69
|
|